 Dungeon Crawl Stone Soup version 0.27-a0-522-g46bbb28828 (webtiles) character file.

Game seed: 8834250234948512952

615 wakim the Carver (level 7, 60/60 HPs)
             Began as a Minotaur Berserker on Mar 4, 2021.
             Was a Follower of Vehumet.
             Quit the game on level 3 of the Dungeon.
             The game lasted 00:09:31 (3321 turns).

wakim the Carver (Minotaur Berserker)               Turns: 3321, Time: 00:09:32

Health: 60/60      AC: 10    Str: 22    XL:     7   Next: 21%
Magic:  6/6        EV: 11    Int:  6    God:    Vehumet [*.....]
Gold:   247        SH:  0    Dex:  9    Spells: 6/6 levels left

rFire    . . .     SeeInvis .   a - +0 falchion
rCold    . . .     Faith    .   (no shield)
rNeg     . . .     Spirit   .   h - +1 ring mail
rPois    .         Reflect  .   (helmet restricted)
rElec    .         Harm     .   (no cloak)
rCorr    .         Rampage  .   (no gloves)
Will     .....                  l - +2 pair of boots {Stlth+}
Stlth    +.........             (no amulet)
HPRegen  0.20/turn              (no ring)
MPRegen  0.10/turn              (no ring)

@: no status effects
A: horns 2, retaliatory headbutt
a: Renounce Religion


You were on level 3 of the Dungeon.
You worshipped Vehumet.
Vehumet was aware of your devotion.
You visited 1 branch of the dungeon, and saw 4 of its levels.
You also visited: Sewer.

You collected 247 gold pieces.

Inventory:

Hand Weapons
 a - a +0 falchion (weapon)
Missiles
 c - 3 boomerangs (quivered)
 n - 24 bolts
 o - 3 silver javelins
Armour
 h - a +1 ring mail (worn)
 l - a +2 pair of boots of stealth (worn)
Scrolls
 d - 5 scrolls of identify
 j - 2 scrolls of teleportation
 k - a scroll of enchant armour
 m - a scroll of amnesia {unknown}
Potions
 b - a potion of lignification {unknown}
 e - 2 potions of curing {unknown}
 f - 4 potions of flight
 g - a potion of attraction {unknown}
 i - 2 potions of might
 p - a potion of brilliance {unknown}


   Skills:
 + Level 4.5 Fighting
 - Level 8.0 Long Blades
 - Level 6.0 Armour
 - Level 2.1 Dodging


You had 6 spell levels left.
You didn't know any spells.
Your spell library was empty.

Dungeon Overview and Level Annotations

Branches:
Dungeon (4/15)              Sewer (visited)
 Temple: D:4-7

Altars:
Kikubaaqudgha
Vehumet
Yredelemnul
Zin


Innate Abilities, Weirdness & Mutations

You have a pair of horns on your head.
You reflexively headbutt those who attack you in melee.


Message History

You miss the orc wizard. Your headbutt misses the orc wizard.
The orc wizard closely misses you.
The orc wizard hits you but does no damage.
The orc wizard hits you with a +0 dagger.
You are too confused!
You are too confused!
You are too confused!
You are too confused!
You are too confused!
You feel less confused. The orc wizard casts a spell at you.
The puff of flame hits you. The orc hits you but does no damage.
The orc wizard gestures at you while chanting.
The magic dart hits you but does no damage.
The orc wizard gestures at you while chanting.
The puff of flame hits you!
Found 2 inky potions and a robe.
The orc wizard points at you and mumbles some strange words.
The magic dart hits you.
The orc wizard points at itself and mumbles some strange words.
The orc wizard flickers and vanishes!
Deactivating autopickup; reactivate with Ctrl-A.
The orc wizard casts a spell at you. The puff of flame hits you!
There is a stone staircase leading up here.
The orc wizard casts a spell at you. You resist with some effort.
The orc wizard points at you and mumbles some strange words.
The magic dart hits you.
You climb upwards.
Reactivating autopickup.
There is a stone staircase leading down here.
You start resting.
Trog hurls fiery rage upon you!
The fireball explodes!
The fireball engulfs you!!
Ouch! That really hurt!
* * * LOW HITPOINT WARNING * * *
You start resting.
HP restored.
Are you sure you want to abandon this character and quit the game? (Confirm with "yes".)

.....>......_...........#........
......##.#.....#.#.####.#........
..)...##.#.....#.#.# #.#........
.......#.###.###.#.# #.#........
.?.....#.........#.## #.#.[......
.......#####.#####..# #.####.###.
.........# #.#..##..###.# #.# #.
......##.###............####.###.
#.....###.###...@............##..
......# ##...#####.###..#######.#
##...## ##........###.......##.#
##...# #............#####.##.#
.....# #..########..####...#.#
##.#.# ##..# ##........<..# #.#.#
##.#.#######.....##...### #.#.#
#.###............###.## #.#.#
##.#.#######.........#


There were no monsters in sight!

Vanquished Creatures
  Grinder (D:3)
  A bullfrog zombie (D:2)
  A hound (D:4)
  Terence (D:2)
  An orc wizard (D:2)
  Natasha (thrice) (D:3)
  A merfolk avatar (Sewer)
  A merfolk siren (Sewer)
  Robin (D:3)
  7 adders
  2 river rats
  An ooze (D:1)
  4 worms
  3 leopard geckos (Sewer)
  6 orcs (D:3)
  9 ball pythons
  4 giant cockroaches
  11 goblins
  5 hobgoblins
  5 kobolds
  2 bats (D:3)
  6 frilled lizards
  27 rats
103 creatures vanquished.

Notes
Turn   | Place    | Note
-------+----------+-------------------------------------------
     0 | D:1      | wakim the Minotaur Berserker began the quest for the Orb.
     0 | D:1      | Reached XP level 1. HP: 19/19 MP: 0/0
   148 | D:1      | Reached skill level 4 in Long Blades
   338 | D:1      | Reached XP level 2. HP: 21/26 MP: 1/1
   790 | D:2      | Reached skill level 5 in Long Blades
   806 | D:2      | Reached XP level 3. HP: 25/31 MP: 2/2
   974 | D:2      | Found a basalt altar of Yredelemnul.
  1122 | D:2      | Reached skill level 6 in Long Blades
  1122 | D:2      | Reached XP level 4. HP: 39/39 MP: 3/3
  1126 | D:2      | Noticed Terence
  1146 | D:2      | Killed Terence
  1428 | D:2      | Reached XP level 5. HP: 15/45 MP: 4/4
  1436 | D:3      | Reached skill level 7 in Long Blades
  1547 | D:3      | Noticed Robin
  1567 | D:3      | Reached ** piety under Trog
  1580 | D:3      | Killed Robin
  1587 | D:3      | Found a glowing drain.
  1610 | Sewer    | Entered a sewer
  1808 | Sewer    | Reached skill level 8 in Long Blades
  1854 | Sewer    | Reached *** piety under Trog
  1902 | Sewer    | Reached XP level 6. HP: 51/51 MP: 5/5
  2158 | D:3      | Found a glowing silver altar of Zin.
  2192 | D:3      | Noticed Natasha
  2252 | D:3      | Killed Natasha
  2305 | D:3      | Found a faded altar of an unknown god.
  2309 | D:3      | Noticed Grinder
  2311 | D:3      | Paralysed by Grinder for 5 turns
  2332 | D:3      | Killed Grinder
  2333 | D:3      | Reached skill level 5 in Armour
  2336 | D:3      | Reached XP level 7. HP: 24/57 MP: 6/6
  2534 | D:3      | Noticed Natasha
  2553 | D:3      | Killed Natasha
  2777 | D:3      | Noticed Natasha
  2787 | D:3      | Killed Natasha
  2894 | D:3      | Reached **** piety under Trog
  2895 | D:3      | Found an ancient bone altar of Kikubaaqudgha.
  2928 | D:3      | Fell from the grace of Trog
  2928 | D:3      | Became a worshipper of Vehumet
  2928 | D:3      | Reached * piety under Vehumet
  2928 | D:3      | Offered knowledge of Foxfire by Vehumet.
  3321 | D:3      | Quit the game

Illustrated notes

Levels and vault maps discovered:
D:1:      dpeg_arrival_windows_large_door, layout_basic,
          minmay_misc_feat_columns
D:2:      layout_loops_cross, general_overflow_altar, uniq_terence
D:3:      layout_loops_ring, nicolae_overflow_crystal_walls,
          lemuel_coloured_pillars_altar, cheibrodos_sewer_entry_sluice,
          chequers_ecumenical_altar_island, uniq_grinder, uniq_natasha,
          uniq_robin
D:4:      minmay_diamond_boxcup, layout_gridville, minmay_cupped,
          uniq_blork_the_orc

Skill      XL: |  1  2  3  4  5  6  7 |
---------------+----------------------+-----
Long Blades    | 4 5 6 8 |  8.0
Armour         | 5 6 |  6.0
Fighting       | 4 |  4.5
Dodging        | |  2.1

Action                   |  1- 3 |  4- 6 |  7- 9 || total
-------------------------+-------+-------+-------++-------
Melee: Falchion          |    32 |   191 |    35 ||   258
       Headbutt          |     7 |    30 |     4 ||    41
Throw: Javelin           |       |     5 |       ||     5
       Boomerang         |       |       |     4 ||     4
  Use: Scroll            |       |     6 |       ||     6
 Stab: Sleeping          |       |     4 |       ||     4
Armor: Animal skin       |     1 |       |       ||     1
       Ring mail         |     6 |    71 |    16 ||    93
Dodge: Dodged            |    21 |    77 |    13 ||   111
       Rpst.: Falchion   |     7 |    22 |     2 ||    31

Table legend: (Time is in decaauts)
 A = Elapsed time spent in this place.
 B = Non-inter-level travel time spent in this place.
 C = Inter-level travel time spent in this place.
 D = Time resting spent in this place.
 E = Time spent auto-exploring this place.
 F = Levels seen in this place.
 G = Mean time per level.
                   A        B        C        D        E       F      G
               +--------+--------+--------+--------+--------+-----+--------+
         Total |   3348 |   3206 |    142 |    709 |   1754 |   5 |  669.6 |
       Dungeon |   2942 |   2800 |    142 |    568 |   1680 |   4 |  735.5 |
         Sewer |    405 |    405 |      0 |    141 |     74 |   1 |  405.0 |
               +--------+--------+--------+--------+--------+-----+--------+

Top non-repeatable levels by time:
     D:3: 1474 daAuts
     D:2: 804 daAuts
     D:1: 591 daAuts
   Sewer: 405 daAuts
     D:4: 73 daAuts
